 Dungeon Crawl Stone Soup version 0.28-a0-1080-g05a166d0ed (webtiles) character file.

Game seed: 14360336802555892370

144487 ytrimaz the Spry (level 17, -1/154 HPs)
             Began as an Octopode Transmuter on Dec 9, 2021.
             Was a High Priest of Ashenzari.
             Slain by a +2 mace of protection (14 damage)
             ... on level 2 of the Elven Halls on Dec 10, 2021.
             The game lasted 00:58:19 (37215 turns).

ytrimaz the Spry (Octopode Transmuter)             Turns: 37215, Time: 00:58:20

Health: -1/154     AC: 16    Str:  9    XL:     17   Next: 40%
Magic:  9/39       EV: 36    Int: 19    God:    Ashenzari [*****.]
Gold:   1390       SH:  5    Dex: 15    Spells: 30/52 levels left

rFire   + . .      SeeInvis +     - Unarmed
rCold   + + +      Faith    .   (shield currently unavailable)
rNeg    + . .      Spirit   .   (helmet currently unavailable)
rPois   +          Reflect  +   M - amulet "Vuaxiypn" {Reflect rN+ SH+5}
rElec   .          Harm     .   f - ring of the Fated Burden {EV+4, Fort, Melee} (curse)
rCorr   .          Rampage  .   l - ring "Paranoia of Ashenzari" {EV+4, Elem, Alch} (curse)
Will    ++...      Clarity  +   s - ring of the Sidereal Suspicion {EV+4, Elem, Bglg} (curse)
Stlth   +++++.....              m - ring "Overhang to Understand" {rF+, Elem, Melee} (curse)
HPRegen 0.35/turn               C - ring "Prophetic Suspicion" {rF+ Will+, Cun, Bglg} (curse)
MPRegen 0.26/turn               E - ring of Ashenzari's Comet {Wiz, Elem, Self} (curse)
                                B - ring of the Gnostic Affliction {EV+4, Cun, Elem} (curse)
                                F - ring of Ashenzari's Insecurity {AC+4, Evo, Self} (curse)

@: about to teleport, ice-form
A: freezing attack, boosted hp, almost no armour, amphibious, 8 rings, large,
(camouflage 1), (gelatinous body 1), (nimble swimmer 1), (tentacles), agile 1,
dopey 1, weak 1
a: End Transformation, Renounce Religion, Shatter the Chains


You were on level 2 of the Elven Halls.
You worshipped Ashenzari.
Ashenzari was extremely pleased with you.
You were a creature of crystalline ice.
You visited 5 branches of the dungeon, and saw 26 of its levels.
You visited 1 bazaar.
You also visited: Ice Cave and Wizlab.

You collected 3766 gold pieces.
You spent 2376 gold pieces at shops.

Inventory:

Armour
 y - the cursed +1 hat "Burden of the Heavens" (melded) {Alch, Cun}
   (You found it on level 4 of the Lair of Beasts)

   It has a curse which improves the following skills: Alchemy: Poison Magic and
   Transmutations.
   Cunning:   Dodging and Stealth.
Jewellery
 f - the cursed ring of the Fated Burden (left front paw) {EV+4, Fort, Melee}
   (You found it on level 4 of the Dungeon)

   [ring of evasion]

   EV:        It affects your evasion (+4).
   It has a curse which improves the following skills: Fortitude: Shields.
   Melee Combat: Short Blades, Long Blades, Axes, Maces & Flails, Polearms,
   Staves and Unarmed Combat.
 l - the cursed ring "Paranoia of Ashenzari" (right front paw) {EV+4, Elem, Alch}
   (You found it on level 6 of the Dungeon)

   [ring of evasion]

   EV:        It affects your evasion (+4).
   It has a curse which improves the following skills: Elements: Fire Magic, Ice
   Magic, Air Magic and Earth Magic.
   Alchemy:   Poison Magic and Transmutations.
 m - the cursed ring "Overhang to Understand" (on tentacle) {rF+, Elem, Melee}
   (You found it on level 3 of the Lair of Beasts)

   [ring of protection from fire]

   rF:        It protects you from fire.
   It has a curse which improves the following skills: Elements: Fire Magic, Ice
   Magic, Air Magic and Earth Magic.
   Melee Combat: Short Blades, Long Blades, Axes, Maces & Flails, Polearms,
   Staves and Unarmed Combat.
 s - the cursed ring of the Sidereal Suspicion (on tentacle) {EV+4, Elem, Bglg}
   (You found it on level 9 of the Dungeon)

   [ring of evasion]

   EV:        It affects your evasion (+4).
   It has a curse which improves the following skills: Elements: Fire Magic, Ice
   Magic, Air Magic and Earth Magic.
   Beguiling: Conjurations, Hexes and Translocations.
 z - a ring of resist corrosion
 A - a ring of flight
 B - the cursed ring of the Gnostic Affliction (on tentacle) {EV+4, Cun, Elem}
   (You found it on level 5 of the Lair of Beasts)

   [ring of evasion]

   EV:        It affects your evasion (+4).
   It has a curse which improves the following skills: Cunning: Dodging and
   Stealth.
   Elements:  Fire Magic, Ice Magic, Air Magic and Earth Magic.
 C - the cursed ring "Prophetic Suspicion" (on tentacle) {rF+ Will+, Cun, Bglg}
   (You found it on level 13 of the Dungeon)

   [ring of willpower]

   rF:        It protects you from fire.
   Will:      It increases your willpower.
   It has a curse which improves the following skills: Cunning: Dodging and
   Stealth.
   Beguiling: Conjurations, Hexes and Translocations.
 E - the cursed ring of Ashenzari's Comet (on tentacle) {Wiz, Elem, Self}
   (You bought it in a shop in a bazaar)

   [ring of wizardry]

   It improves your spell success rate.
   It has a curse which improves the following skills: Elements: Fire Magic, Ice
   Magic, Air Magic and Earth Magic.
   Introspection: Fighting and Spellcasting.
 F - the cursed ring of Ashenzari's Insecurity (on tentacle) {AC+4, Evo, Self}
   (You bought it in a shop in a bazaar)

   [ring of protection]

   AC:        It affects your AC (+4).
   It has a curse which improves the following skills: Evocations: Evocations.
   Introspection: Fighting and Spellcasting.
 K - a ring of protection from cold
 M - the amulet "Vuaxiypn" (around neck) {Reflect rN+ SH+5}
   (You found it in an ice cave)

   [amulet of reflection]

   It reflects blocked missile attacks.
   rN:        It protects you from negative energy.
   SH:        It affects your SH (+5).
 N - a ring of magical power
Wands
 i - a wand of charming (2)
 j - a wand of iceblast (12)
 t - a wand of polymorph (8)
 w - a wand of acid (18)
 H - a wand of flame (26)
 L - a wand of paralysis (4)
Scrolls
 d - 9 scrolls of teleportation
 g - 9 scrolls of amnesia
 n - 5 scrolls of enchant armour
 o - 3 scrolls of holy word
 p - 3 scrolls of magic mapping
 u - a scroll of blinking
 D - a scroll of fog
 G - 2 scrolls of fear
 J - a scroll of enchant weapon
Potions
 a - 2 potions of lignification
 b - a potion of might
 c - 5 potions of cancellation
 e - 7 potions of curing
 h - 3 potions of haste
 k - 6 potions of magic
 q - 3 potions of berserk rage
 r - a potion of heal wounds
 x - 2 potions of brilliance
 I - a potion of resistance
 O - 3 potions of flight
Miscellaneous
 P - a phantom mirror


   Skills:
 * Level 11.7(15.8) Fighting
 * Level 15.7(19.7) Dodging
 * Level 8.3(12.5) Stealth
 * Level 15.4(19.5) Unarmed Combat
 * Level 13.9(18.0) Spellcasting
 - Level 10.7(13.3) Transmutations
 * Level 4.1(10.7) Ice Magic
 - Level 2.4(4.6) Poison Magic


You had 30 spell levels left.
You knew the following spells:

 Your Spells              Type           Power      Damage    Failure   Level
a - Beastly Appendage     Tmut           100%       N/A       0%          1
b - Spider Form           Tmut/Pois      50%        N/A       1%          3
c - Wereblood             Tmut           61%        N/A       0%          2
d - Ice Form              Ice/Tmut       58%        N/A       1%          4
e - Blade Hands           Tmut           30%        N/A       1%          5
f - Ozocubu's Refrigerat  Ice            27%        4d10      13%         7

Your spell library contained the following spells:

 Spells                   Type           Power      Damage    Failure   Level
 Magic Dart               Conj           76%        1d6       1%          1
 Call Imp                 Summ           17%        N/A       1%          2
 Ignite Poison            Fire/Tmut/Pois 41%        N/A       1%          3
 Mephitic Cloud           Conj/Pois/Air  25%        N/A       1%          3
 Olgreb's Toxic Radiance  Pois           34%        N/A       1%          4
 Conjure Flame            Conj/Fire      20%        6-21      2%          3
 Stone Arrow              Conj/Erth      40%        3d9       2%          3
 Gell's Gravitas          Tloc           19%        N/A       3%          3
 Lesser Beckoning         Tloc           19%        N/A       3%          3
 Portal Projectile        Hex/Tloc       38%        N/A       3%          3
 Teleport Other           Tloc           19%        N/A       3%          3
 Eringya's Noxious Bog    Tmut/Pois      25%        N/A       4%          6
 Freezing Cloud           Conj/Ice/Air   16%        6-21      6%          5
 Sticky Flame             Conj/Fire      20%        2d4       9%          4
 Summon Lightning Spire   Summ/Air       19%        N/A       11%         4
 Excruciating Wounds      Necr           8%         N/A       32%         5
 Summon Forest            Summ/Tloc      9%         N/A       32%         5
 Summon Mana Viper        Hex/Summ       18%        N/A       32%         5
 Dispersal                Tloc           9%         N/A       80%         6
 Summon Hydra             Summ           8%         N/A       100%        7
 Disjunction              Tloc           9%         N/A       100%        8
 Ignition                 Fire           10%        3d5       100%        8
 Lehudib's Crystal Spear  Conj/Erth      10%        10d4      100%        8
 Summon Horrible Things   Summ           8%         N/A       100%        8
 Animate Armour           Summ/Erth      Unusable   N/A       N/A         4

Dungeon Overview and Level Annotations

Branches:
Dungeon (15/15)            Temple (1/1) D:4            Lair (6/6) D:9
  Swamp (0/4) Lair:2       Spider (0/4) Lair:2        Slime (0/5) Lair:6
    Orc (2/2) D:11            Elf (2/3) Orc:2        Vaults (0/5) D:14
 Depths (0/4) D:15          IceCv (visited)          WizLab (visited)

Altars:
Ashenzari
Cheibriados
Dithmenos
Elyvilon
Fedhas
Gozag
Hepliaklqana
Kikubaaqudgha
Makhleb
Nemelex Xobeh
Okawaru
Qazlal
Ru
Sif Muna
Trog
Uskayaw
Vehumet
Wu Jian
Xom
Yredelemnul
Zin
The Shining One
Beogh
Lugonu

Shops:
D:8 [   Orc:2 *?:(   Elf:2 !

Portals:
Abyss: Lair:6
Pandemonium: Orc:2

Annotations:
D:4 Dowan, Duvessa
D:5 Sigmund
D:15 exclusion: oklob plant
Lair:1 1 runed translucent door, siradein's ghost, journeyman DDNe
Lair:6 1 runed translucent door, freelancePsychic's ghost, journeyman DrTm
Orc:1 3 runed translucent doors, Rachuaq's ghost, adept GnSk
Elf:1 exclusion: 2 doors


Innate Abilities, Weirdness & Mutations

You are a creature of crystalline ice.
You have a powerful freezing melee attack.
Your maximum health is increased.
Your armour is entirely melded.
You are incapable of wielding weapons or throwing items.
You cannot wear most types of armour.
You are amphibious.
You can wear up to eight rings at the same time.
((Your skin changes colour to match your surroundings (Stealth+).))
((Your rubbery body absorbs attacks. (AC +1, EV +1)))
((You are camouflaged near water. (Stealth+)))
((You have tentacles for arms and can constrict up to eight enemies at once.))
You are agile. (Dex +2)
You are dopey. (Int -2)
You are weak. (Str -2)


Message History

There is an open translucent gate here.
The +5 short sword of speed misses you.
The +2 mace of protection completely misses you.
The +5 short sword of speed hits you but does no damage.
The +5 short sword of speed completely misses you.
The +1 vorpal glaive closely misses you.
You block the +5 short sword of speed's attack.
You are too injured to fight recklessly!
You are too injured to fight recklessly!
Unknown command.
The +5 short sword of speed misses you. The +2 mace of protection misses you.
The +5 short sword of speed closely misses you.
The +5 short sword of speed hits you.
You block the +1 vorpal glaive's attack.
The +2 mace of protection misses you. The +5 short sword of speed hits you.
You can drink potions again.
The +5 short sword of speed misses you.
The +2 mace of protection hits you but does no damage.
The +5 short sword of speed barely misses you.
The +5 short sword of speed misses you.
The +2 mace of protection hits you but does no damage.
The +5 short sword of speed hits you but does no damage.
The +5 short sword of speed hits you but does no damage.
The +2 mace of protection hits you!
The +1 vorpal glaive completely misses you.
The +5 short sword of speed hits you but does no damage.
The +5 short sword of speed hits you!
* * * LOW HITPOINT WARNING * * *
The +2 mace of protection hits you!!
* * * LOW HITPOINT WARNING * * *
You block the +5 short sword of speed's attack.
Okay, then.
As you read the scroll of teleportation, it crumbles to dust.
You feel strangely unstable.
You block the +5 short sword of speed's attack.
The +1 vorpal glaive hits you from afar!
* * * LOW HITPOINT WARNING * * *
x2 The +2 mace of protection hits you!
You die...

.#########.#########.#########...
##### ####.#########.####### ##..
# ####.#########.###### ##+
###<.#########.####### #. *
###.######....#..###### #. **
###.######....###..#######. ,**
##########....##.....####.. ,,**
##..).......##........... ,,,*
##...)).(Y#####........... ,,,*
##.......(.######..#..###.. ,,,*
##.......(..#..#..#.........
,,**##..........⌠###.#####..###..
,** #............#########.......
#* #.⌠..........##########.####.
.#*##......)....## #.<....
..###..........## #######.
...##.........## #########...


You could see 3 dancing weapons.

Vanquished Creatures
  A Hellbinder (WizLab)
  An azure jelly (Elf:1)
  A balrug (WizLab)
  2 cacodemons (WizLab)
  A deep elf elementalist (Elf:1)
  A demonspawn blood saint (WizLab)
  3 very ugly things
  Nessos (D:15)
  A dire elephant (D:15)
  3 deep elf annihilators (Elf:1)
  A green death (WizLab)
  2 fire dragons
  A deep elf high priest (Elf:1)
  An ettin (Orc:1)
  A caustic shrike simulacrum (IceCv)
  A vault guard (D:14)
  A hell beast (WizLab)
  6 boulder beetles
  8 hydras
  6 centaur warriors
  2 demonspawn (Orc:2)
  14 dancing weapons
  4 two-headed ogres
  8 death yaks
  A tengu warrior (D:15)
  4 thrashing horrors (Lair:6)
  3 orc high priests (Orc:2)
  A sun demon (WizLab)
  A soul eater (Orc:2)
  8 deep elf knights
  Nergalle (D:11)
  A fire crab (shapeshifter) (D:13)
  3 skeletal warriors (D:15)
  A shadow demon (WizLab)
  An orange crystal statue (IceCv)
  3 bog bodies (Lair:2)
  2 large abominations (Lair:6)
  9 deep elf archers
  6 orc knights
  18 deep elf pyromancers
  13 deep elf zephyrmancers
  9 orc sorcerers
  A wolf spider (D:15)
  8 cyclopes
  15 ugly things
  4 manticores
  A salamander (shapeshifter) (D:13)
  A rust devil (WizLab)
  4 black mambas
  An orange demon (WizLab)
  3 smoke demons
  2 torpor snails (Lair:4)
  2 gargoyles (D:14)
  8 cane toads
  3 hellions (WizLab)
  3 rime drakes
  A kobold demonologist (D:9)
  6 freezing wraiths
  An anaconda simulacrum (IceCv)
  2 ice devils (WizLab)
  A yaktaur (shapeshifter) (Elf:1)
  2 golden dragon simulacra (IceCv)
  13 komodo dragons
  An ancient zyme (Lair:6)
  2 hellwings (WizLab)
  2 red devils
  4 meliai
  2 polar bears
  5 trolls
  Prince Ribbit (D:5)
  A hornet (D:8)
  41 blink frogs
  A raiju (shapeshifter) (D:14)
  6 dream sheep (Lair:6)
  A spriggan (Lair:6)
  2 wraiths
  A shadow (D:10)
  An air elemental (Elf:2)
  A water elemental (Elf:1)
  6 wyverns
  A vampire (D:11)
  Eustachio (D:4)
  A dire elephant simulacrum (IceCv)
  5 ynoxinuls
  A hog (shapeshifter) (Lair:6)
  A fire elemental (Elf:1)
  7 basilisks
  24 yaks
  A steam dragon (D:9)
  4 vampire mosquitoes (D:11)
  6 chaos spawn
  2 neqoxecs (WizLab)
  2 swamp worms (Lair:2)
  A warg (shapeshifter) (Lair:6)
  13 small abominations (Lair:6)
  11 water moccasins
  A black bear (shapeshifter) (D:13)
  A sky beast (D:8)
  A black bear (D:7)
  5 necrophages
  An ice beast (D:5)
  2 alligator simulacra (IceCv)
  4 ogres
  26 orc warriors
  14 wolves
  4 boggarts (D:14)
  11 centaurs
  8 kobold brigands
  17 bullfrogs
  Blork the orc (D:5)
  A water moccasin zombie (D:4)
  A wyvern zombie (D:6)
  An earth elemental (Elf:1)
  4 scorpions
  A lindwurm simulacrum (IceCv)
  A howler monkey (D:10)
  11 wights
  4 electric eels
  4 centaur zombies
  2 jellies
  27 orc priests
  A bullfrog skeleton (D:5)
  A bullfrog zombie (D:4)
  6 hounds
  A human zombie (D:4)
  A centaur skeleton (D:7)
  Ijyb (D:5)
  A scorpion zombie (D:4)
  2 iguanas
  17 orc wizards
  2 hound zombies (D:4)
  2 hound skeletons (D:4)
  2 mummies (D:4)
  A howler monkey skeleton (D:7)
  7 adders
  3 shadow imps
  A white imp (D:6)
  An adder zombie (D:4)
  2 worms
  7 dart slugs
  51 orcs
  9 ball pythons
  5 bats
  9 endoplasms
  3 giant cockroaches
  8 goblins
  10 hobgoblins
  2 quokkas (D:2)
  2 frilled lizards
  35 kobolds
  6 kobold skeletons (D:9)
  12 kobold zombies (D:9)
  12 rats
773 creatures vanquished.

Vanquished Creatures (others)
  A water elemental (Elf:1)
  An orc (Orc:1)
  32 fungi
  37 plants
  18 toadstools (D:15)
89 creatures vanquished.

Grand Total: 862 creatures vanquished

Notes
Turn   | Place    | Note
-------+----------+-------------------------------------------
     0 | D:1      | ytrimaz the Octopode Transmuter began the quest for the
                  | Orb.
     0 | D:1      | Reached XP level 1. HP: 13/13 MP: 3/3
   311 | D:1      | Reached XP level 2. HP: 4/18 MP: 3/5
  1218 | D:1      | Reached XP level 3. HP: 7/23 MP: 6/6
  1477 | D:1      | Learned a level 3 spell: Spider Form
  1480 | D:1      | Learned a level 2 spell: Wereblood
  2198 | D:2      | Reached XP level 4. HP: 25/28 MP: 7/7
  3048 | D:2      | Found a faded altar of an unknown god.
  3591 | D:3      | Found a broken altar of Ashenzari.
  3607 | D:3      | Became a worshipper of Ashenzari the Shackled
  3710 | D:3      | Found a sacrificial altar of Ru.
  3720 | D:3      | Reached XP level 5. HP: 34/34 MP: 9/9
  4137 | D:3      | Found a burning altar of Makhleb.
  4226 | D:4      | Found a white marble altar of Elyvilon.
  4630 | D:4      | Found a staircase to the Ecumenical Temple.
  4647 | Temple   | Entered the Ecumenical Temple
  4861 | D:4      | Identified the +4 glaive of Bawkeced {pain, rPois rF+ SInv}
  4933 | D:4      | Noticed Duvessa
  5194 | D:4      | Reached XP level 6. HP: 26/41 MP: 10/10
  5341 | D:4      | Noticed Dowan
  5415 | D:4      | Noticed Eustachio
  5437 | D:4      | Killed Eustachio
  5438 | D:4      | Reached skill level 5 in Unarmed Combat
  5692 | D:4      | Found a basalt altar of Yredelemnul.
  5703 | D:4      | Reached XP level 7. HP: 34/46 MP: 12/12
  6033 | D:4      | Reached XP level 8. HP: 52/54 MP: 12/14
  6373 | D:5      | Entered Level 5 of the Dungeon
  6497 | D:5      | Reached skill level 1 in Poison Magic
  6578 | D:5      | Noticed Ijyb
  6590 | D:5      | Killed Ijyb
  6879 | D:5      | Found Weppoc's Weapon Boutique.
  6899 | D:5      | Noticed Sigmund
  7040 | D:5      | Noticed Blork the orc
  7052 | D:5      | Killed Blork the orc
  7306 | D:5      | Reached skill level 5 in Transmutations
  7498 | D:5      | Noticed Prince Ribbit
  7505 | D:5      | Killed Prince Ribbit
  7506 | D:5      | Reached XP level 9. HP: 35/59 MP: 11/16
  8219 | D:6      | Found an iron altar of Okawaru.
  8279 | D:6      | Reached * piety under Ashenzari
  8583 | D:6      | Reached skill level 5 in Spellcasting
  8690 | D:6      | Found a sparkling altar of Nemelex Xobeh.
  8962 | D:6      | Learned a level 4 spell: Ice Form
  8977 | D:7      | Reached skill level 5 in Fighting
  9450 | D:7      | Noticed a troll
  9854 | D:8      | Noticed a hornet
 10175 | D:8      | Found a hazy altar of Hepliaklqana.
 10295 | D:8      | Found a shimmering altar of Xom.
 10297 | D:8      | Found a burning altar of Makhleb.
 10297 | D:8      | Found an iron altar of Okawaru.
 10299 | D:8      | Found a hazy altar of Hepliaklqana.
 10299 | D:8      | Found a burning altar of Makhleb.
 10299 | D:8      | Found a radiant altar of Vehumet.
 10525 | D:8      | Reached skill level 1 in Ice Magic
 10525 | D:8      | Reached XP level 10. HP: 68/68 MP: 10/18
 10535 | D:8      | Found Upueq's Antique Armour Shop.
 11205 | D:9      | Noticed a tengu warrior
 11205 | D:9      | Noticed a tengu warrior
 11223 | D:8      | Gained mutation: You sometimes lose the ability to read
                  | scrolls when taking damage. [mutagenic glow]
 11327 | D:9      | Found a stormy altar of Qazlal.
 11453 | D:9      | Found a shimmering blue altar of Sif Muna.
 11518 | D:9      | Found a snail-covered altar of Cheibriados.
 11851 | D:9      | Noticed a kobold demonologist
 11865 | D:9      | Killed a kobold demonologist
 11869 | D:9      | Reached skill level 10 in Unarmed Combat
 11998 | D:9      | Found an ancient bone altar of Kikubaaqudgha.
 12251 | D:9      | Found a staircase to the Lair.
 12293 | D:10     | Entered Level 10 of the Dungeon
 12311 | D:10     | Noticed a centaur warrior
 12330 | D:10     | Killed a centaur warrior
 12512 | D:10     | Found a glowing silver altar of Zin.
 13109 | D:10     | Reached XP level 11. HP: 74/74 MP: 2/21
 13852 | D:8      | Lost mutation: You sometimes lose the ability to read
                  | scrolls when taking damage. [potion of mutation]
 13852 | D:8      | Gained mutation: Your muscles are strong. (Str +2) [potion
                  | of mutation]
 13852 | D:8      | Gained mutation: Your body sometimes deteriorates upon
                  | taking damage. [potion of mutation]
 13852 | D:8      | Gained mutation: Your mind is acute. (Int +2) [potion of
                  | mutation]
 14005 | D:11     | Noticed Nergalle
 14021 | D:11     | Killed Nergalle
 14119 | D:11     | Noticed a two-headed ogre
 14128 | D:11     | Killed a two-headed ogre
 14197 | D:11     | Found a staircase to the Orcish Mines.
 14211 | D:11     | Noticed a manticore
 14289 | D:11     | Killed a manticore
 14987 | D:11     | Found a snail-covered altar of Cheibriados.
 15133 | D:12     | Noticed a two-headed ogre
 15141 | D:12     | Killed a two-headed ogre
 15253 | D:12     | Noticed a cyclops
 15263 | D:12     | Killed a cyclops
 15325 | D:12     | Reached ** piety under Ashenzari
 15329 | D:12     | Noticed a deep elf pyromancer
 15355 | D:12     | Killed a deep elf pyromancer
 15704 | D:12     | Noticed a white ugly thing
 15724 | D:12     | Killed a white ugly thing
 16427 | Lair:1   | Entered Level 1 of the Lair of Beasts
 16512 | Lair:1   | Noticed an eight-headed hydra
 16525 | Lair:1   | Killed an eight-headed hydra
 16709 | Lair:1   | Reached XP level 12. HP: 58/81 MP: 14/24
 17033 | Lair:1   | Found a runed translucent door.
 17033 | Lair:1   | Found a shimmering altar of Xom.
 17033 | Lair:1   | Noticed siradein's ghost (journeyman DDNe)
 17979 | Lair:2   | Found a hole to the Spider Nest.
 18054 | Lair:2   | Noticed a death yak
 18054 | Lair:2   | Noticed a death yak
 18054 | Lair:2   | Noticed a death yak
 18055 | Lair:2   | Noticed a death yak
 18056 | Lair:2   | Noticed a death yak
 18056 | Lair:2   | Noticed a death yak
 18107 | Lair:2   | Killed a death yak
 18108 | Lair:2   | Reached skill level 5 in Dodging
 18108 | Lair:2   | Reached skill level 10 in Transmutations
 18116 | Lair:2   | Killed a death yak
 18127 | Lair:2   | Killed a death yak
 18135 | Lair:2   | Killed a death yak
 19112 | Lair:2   | Found a staircase to the Swamp.
 19278 | Lair:2   | Killed a death yak
 19286 | Lair:2   | Killed a death yak
 19287 | Lair:2   | Reached skill level 10 in Spellcasting
 19613 | Lair:3   | Reached XP level 13. HP: 89/89 MP: 23/27
 19991 | Lair:3   | Identified the +1 ring mail of Fedhas's Generosity {Int+3}
 21044 | Lair:4   | Reached *** piety under Ashenzari
 21061 | Lair:4   | Identified the cursed +1 hat "Burden of the Heavens" {Alch,
                  | Cun} (You found it on level 4 of the Lair of Beasts)
 22210 | Lair:5   | Reached skill level 10 in Dodging
 22479 | Lair:5   | Reached **** piety under Ashenzari
 23198 | Lair:6   | Entered Level 6 of the Lair of Beasts
 23333 | Lair:6   | Lost mutation: Your body sometimes deteriorates upon taking
                  | damage. [potion of mutation]
 23333 | Lair:6   | Lost mutation: Your muscles are strong. (Str +2) [potion of
                  | mutation]
 23333 | Lair:6   | Lost mutation: Your mind is acute. (Int +2) [potion of
                  | mutation]
 23333 | Lair:6   | Gained mutation: You are agile. (Dex +2) [potion of
                  | mutation]
 23369 | Lair:6   | Reached XP level 14. HP: 97/97 MP: 29/29
 23566 | Lair:6   | Found a runed translucent door.
 23566 | Lair:6   | Noticed freelancePsychic's ghost (journeyman DrTm)
 23571 | Lair:6   | Identified the +5 trident "Impslayer" {vorpal, Stlth+}
 23591 | Lair:6   | Identified the +2 helmet of Buosuele {rCorr Dex+5}
 23741 | Lair:6   | Found a staircase to the Slime Pits.
 24237 | Lair:6   | Identified a scroll of acquirement
 25260 | Lair:6   | Reached skill level 10 in Fighting
 25266 | Lair:6   | Found a corrupted altar of Lugonu.
 25266 | Lair:6   | Found a one-way gate to the infinite horrors of the Abyss.
 25615 | Orc:1    | Entered Level 1 of the Orcish Mines
 25812 | Orc:1    | Found a runed translucent gate.
 25820 | Orc:1    | Noticed Rachuaq's ghost (adept GnSk)
 25821 | Orc:1    | Found a runed translucent gate.
 25822 | Orc:1    | Found a runed translucent gate.
 25822 | Orc:1    | Noticed an orc warlord
 25836 | Orc:1    | Identified the +0 pair of boots of the Falcon {rC+ Str+7}
 26663 | Orc:2    | Entered Level 2 of the Orcish Mines
 26692 | Orc:2    | Found a flickering gateway to a bazaar.
 26701 | Bazaar   | Entered a bazaar
 26701 | Bazaar   | Found Testraesk's Antique Armour Emporium.
 26714 | Bazaar   | Found Vinu's Jewellery Emporium.
 26722 | Bazaar   | Bought a ring of wizardry for 420 gold pieces
 26722 | Bazaar   | Bought a +4 ring of protection for 504 gold pieces
 26744 | Bazaar   | Found Ypsixaith's Book Emporium.
 26749 | Bazaar   | Bought a book of Weapons for 288 gold pieces
 27113 | Orc:2    | Found Xiparr's General Store.
 27136 | Orc:2    | Found Vahotwash's Magic Scroll Emporium.
 27180 | Orc:2    | Bought a potion of heal wounds for 80 gold pieces
 27180 | Orc:2    | Bought a potion of heal wounds for 80 gold pieces
 27180 | Orc:2    | Bought a scroll of blinking for 120 gold pieces
 27181 | Orc:2    | Acquired 1031 gold pieces
 27186 | Orc:2    | Bought a scroll of acquirement for 884 gold pieces
 27248 | Orc:2    | Reached skill level 1 in Stealth
 27277 | Orc:2    | Reached XP level 15. HP: 103/103 MP: 23/31
 27385 | Orc:2    | Learned a level 5 spell: Blade Hands
 27422 | Orc:2    | Found a one-way gate leading to the halls of Pandemonium.
 27424 | Orc:2    | Found Yshept's Antique Weapon Shop.
 27427 | Orc:2    | Found Qaph's Book Boutique.
 27673 | Orc:2    | Found a staircase to the Elven Halls.
 28168 | D:13     | Found the +2 cloak of the Thief {*Fog Slay-2 SInv Stlth+}
 28501 | D:13     | Acquired 419 gold pieces
 28611 | D:13     | Identified the ring of Omnunesm {rF+ Will+}
 29916 | D:14     | Reached ***** piety under Ashenzari
 30307 | D:14     | Found a gate to the Vaults.
 30337 | D:15     | Entered Level 15 of the Dungeon
 30371 | D:15     | Found a staircase to the Depths.
 30458 | D:15     | Found a blossoming altar of Fedhas.
 30604 | D:15     | Noticed Nessos
 30635 | D:15     | HP: 6/133 [Nessos/arrow (9)]
 30653 | D:15     | Killed Nessos
 31162 | D:15     | Reached skill level 5 in Stealth
 31607 | D:15     | Reached XP level 16. HP: 109/117 MP: 19/35
 32394 | Elf:1    | Entered Level 1 of the Elven Halls
 32442 | Elf:1    | Identified the Reference Book on Evil Rites
 32571 | Elf:1    | Noticed an azure jelly
 32598 | Elf:1    | Killed an azure jelly
 32616 | Elf:1    | Found a frozen archway.
 32622 | IceCv    | Entered an ice cave
 32660 | IceCv    | Found a transporter.
 32666 | IceCv    | Identified the amulet "Vuaxiypn" {Reflect rN+ SH+5}
 32667 | IceCv    | Found a transporter.
 32685 | IceCv    | Reached skill level 15 in Dodging
 32952 | Elf:1    | Found an ancient bone altar of Kikubaaqudgha.
 33994 | Elf:1    | Learned a level 7 spell: Ozocubu's Refrigeration
 34153 | Elf:1    | Identified the +4 shortbow "Inaok" {flame, rCorr Int+6}
 34359 | Elf:2    | Found Famoeraff's Distillery.
 34436 | Elf:2    | Found a magical portal.
 34442 | WizLab   | Entered The Hall of the Hellbinder
 34794 | WizLab   | Gained mutation: You are weak. (Str -2) [a neqoxec]
 34981 | WizLab   | Identified the Disquisition on Creation
 34982 | WizLab   | Found a burning altar of Makhleb.
 35016 | WizLab   | Noticed Lima
 35029 | WizLab   | Gained mutation: You are dopey. (Int -2) [a cacodemon]
 35040 | WizLab   | Reached XP level 17. HP: 127/127 MP: 34/38
 35573 | WizLab   | Noticed a Hell Sentinel
 35579 | WizLab   | Killed Lima the Hellbinder
 35891 | Elf:2    | Reached skill level 15 in Unarmed Combat
 36230 | Elf:2    | Found a runed translucent gate.
 36231 | Elf:2    | Found a runed translucent gate.
 36231 | Elf:2    | Found a runed translucent gate.
 37215 | Elf:2    | Slain by a +2 mace of protection

Illustrated notes

Levels and vault maps discovered:
D:1:      minmay_arrival_wavy_path, layout_loops_ring
D:2:      minmay_wonky_spiral, layout_basic, nicolae_ecumenical_oubliette
D:3:      layout_loops_cross, nicolae_ru_sacrificial_ziggurat,
          lightli_temple_of_fire, cheibrodos_ashenzari_chains
D:4:      layout_gridville, lemuel_mausoleum_altar_yredelemnul,
          elyvilon_altar_3, minmay_temple_entry_mini_moons, uniq_duvessa,
          uniq_eustachio
D:5:      layout_basic, serial_shops, nicolae_shop_hallway_stairs, uniq_sigmund,
          uniq_blork_the_orc, uniq_prince_ribbit1, uniq_ijyb
D:6:      layout_cave_pools, mainiacjoe_overflow_cross_hatched,
          kennysheep_okawaru_gauntlet, grunt_decor_mini_mirrors,
          minmay_misc_feat_room
D:7:      layout_rooms, nicolae_fountain_basement
D:8:      layout_loops_ring, doesnt_xom_only_xom, mainiacjoe_overflow_alcove_2,
          serial_shops, kennysheep_mini
D:9:      wander_kiku_kobolds, layout_long_grid, mainiacjoe_overflow_catwalk,
          nicolae_overflow_crystal_walls, nicolae_qazlal_eye_of_the_storm,
          david_lair_shrubbed
D:10:     layout_basic, lemuel_doored_altar, serial_rivers,
          chequers_serial_rivers_micro_a, chequers_serial_rivers_micro_d,
          chequers_serial_rivers_room_b, chequers_serial_rivers_small_b,
          chequers_serial_rivers_micro_c, chequers_serial_rivers_marsh,
          serial_bayou_lagoon_a
D:11:     layout_basic, orc_0_dummy, chei_slow_surprise, uniq_nergalle
D:12:     layout_irregular_city
D:13:     layout_cave_pods, kennysheep_generic_room_8
D:14:     layout_cave_pools, david_vaults_5, minmay_misc_feat_hallway,
          minivault_24
D:15:     hangedman_depths_entry_try_elsewhere_first, layout_loops_ring,
          roderic_lattice_a, grunt_ministairs_14, abandoned_shop, tgw_fedhas,
          uniq_nessos
Temple:   nicolae_temple_figure_zero
Lair:1:   layout_cave_pods, serial_rivers, chequers_serial_rivers_small_3,
          chequers_serial_rivers_room_a, chequers_serial_rivers_small_3,
          chequers_serial_rivers_marsh, chequers_serial_rivers_small_3,
          ebering_ghost_xom, serial_bayou_shore_b
Lair:2:   layout_misc_corridors, nicolae_swamp_entry_splash_gauntlet,
          spider_nest_entry_web_field
Lair:3:   layout_chaotic_city, infiniplex_staircase_pool_2, lemuel_fruit_fields
Lair:4:   layout_regular_city, st_stairs_3, chequers_serial_rivers_small_3,
          lemuel_fruit_fields
Lair:5:   nzn_winding_woodlands_cross [nzn_winding_woodlands_5x15_jagged,
          nzn_winding_woodlands_5x15_crooked,
          nzn_winding_woodlands_5x15_sawtooth, nzn_winding_woodlands_5x15_twine,
          nzn_winding_woodlands_15x15_killbox], layout_cave_pods,
          grunt_megastairs_2
Lair:6:   hellmonk_lair_end_abyssal_woods, layout_regular_city,
          nicolae_slime_entry_slimehenge, ebering_ghost_funeral_grove,
          grunt_forest_small_clearings
Orc:1:    layout_caves, basic_altar, biasface_ghost_orc_armoury, mines4_lemuel
Orc:2:    pf_orc_diabolical, layout_diamond_mine, serial_shops, freezing_bzr
Elf:1:    layout_geoelf_grid, portal_ice_cave_entry_horrid_things, basic_altar,
          minmay_elf_necromancy, nicolae_elf_blasts_and_bolts
Elf:2:    nicolae_elf_blades_crystal_corner, layout_loops_corners, serial_shops,
          nicolae_lakefront_shop, mu_enter_wizlab_4

Skill      XL: |  1  2  3  4  5  6  7  8  9 10 11 12 13 14 15 16 17 |
---------------+----------------------------------------------------+-----
Unarmed Combat | 4 5 6 7 9 10 11 12 14 15 | 15.4
Fighting       | 2 3 4 5 6 7 8 9 10 11 | 11.7
Spellcasting   | 3 4 5 6 8 10 11 12 13 | 13.9
Transmutations | 3 5 6 7 9 10 | 10.7
Poison Magic   | 1 2 |  2.4
Ice Magic      | 1 2 3 4 |  4.1
Dodging        | 3 7 10 13 14 15 | 15.7
Stealth        | 1 5 7 8 |  8.3

Action                   |  1- 3 |  4- 6 |  7- 9 | 10-12 | 13-15 | 16-18 || total
-------------------------+-------+-------+-------+-------+-------+-------++-------
Melee: Unarmed           |    92 |   154 |   267 |   498 |  1115 |   481 ||  2607
       Constrict         |    19 |    33 |    23 |     1 |    11 |       ||    87
       Tentacles         |    11 |    23 |    31 |     5 |     8 |       ||    78
       Kick              |     1 |       |    18 |       |     1 |       ||    20
       Punch             |     1 |     5 |     6 |     2 |     7 |     1 ||    22
 Cast: Beastly Appendage |     2 |     1 |     8 |     1 |     4 |       ||    16
       Wereblood         |     5 |     4 |     2 |    13 |    16 |     5 ||    45
       Spider Form       |       |     4 |     8 |     9 |     1 |       ||    22
       Ice Form          |       |       |    11 |    42 |    75 |    40 ||   168
       Blade Hands       |       |       |       |       |     2 |       ||     2
       Ozocubu's Refrige |       |       |       |       |       |     5 ||     5
Invok: Curse Item        |       |     1 |     1 |     2 |     5 |     1 ||    10
       Shatter the Chain |       |       |       |       |       |     1 ||     1
Evoke: Wand              |       |       |       |       |     3 |       ||     3
  Use: Scroll            |     3 |     3 |     2 |     1 |     7 |     2 ||    18
       Potion            |       |       |       |     4 |     7 |     1 ||    12
 Stab: Sleeping          |     2 |     8 |    10 |       |     1 |     6 ||    27
       Held in net/web   |       |       |       |     1 |       |       ||     1
       Invisible         |       |       |       |       |     2 |     1 ||     3
       Distracted        |       |       |       |       |     1 |     1 ||     2
Armor: Skin              |     5 |    10 |    29 |    58 |   119 |    79 ||   300
Dodge: Dodged            |    58 |    99 |   210 |   502 |  1355 |   578 ||  2802
Block: Other             |       |       |       |       |       |     9 ||     9
       Reflection        |       |       |       |       |       |     2 ||     2

Table legend: (Time is in decaauts)
 A = Elapsed time spent in this place.
 B = Non-inter-level travel time spent in this place.
 C = Inter-level travel time spent in this place.
 D = Time resting spent in this place.
 E = Time spent auto-exploring this place.
 F = Levels seen in this place.
 G = Mean time per level.
                   A        B        C        D        E       F      G
               +--------+--------+--------+--------+--------+-----+--------+
         Total |  36599 |  35202 |   1397 |   3441 |  25361 |  29 | 1262.0 |
       Dungeon |  20343 |  19445 |    898 |   1084 |  15465 |  15 | 1356.2 |
        Temple |    203 |    194 |      9 |     53 |    137 |   1 |  203.0 |
          Lair |   8934 |   8627 |    307 |    632 |   6536 |   6 | 1489.0 |
  Orcish Mines |   2343 |   2162 |    181 |     38 |   1552 |   2 | 1171.5 |
   Elven Halls |   3083 |   3082 |      1 |    742 |   1450 |   2 | 1541.5 |
        Bazaar |    103 |    103 |      0 |      0 |     40 |   1 |  103.0 |
      Ice Cave |    210 |    210 |      0 |    121 |      0 |   1 |  210.0 |
        Wizlab |   1376 |   1376 |      0 |    771 |    181 |   1 | 1376.0 |
               +--------+--------+--------+--------+--------+-----+--------+

Top non-repeatable levels by time:
  Lair:6: 2189 daAuts
     D:4: 1952 daAuts
    D:15: 1867 daAuts
     D:5: 1824 daAuts
     D:1: 1819 daAuts
   Elf:1: 1668 daAuts
  Lair:1: 1619 daAuts
    D:10: 1580 daAuts
     D:2: 1422 daAuts
   Elf:2: 1415 daAuts
  Lair:4: 1398 daAuts
  Lair:2: 1384 daAuts
  WizLab: 1376 daAuts
     D:8: 1370 daAuts
   Orc:2: 1314 daAuts
